 Dungeon Crawl Stone Soup version 0.22-a0-86-g94e0ad4 (webtiles) character file.

26908 KristoblXynda the Martial Artist (level 13, -6/100 HPs)
             Began as a Pale Draconian Monk on Jan 21, 2018.
             Was a High Priest of Yredelemnul.
             Killed from afar by a manticore (15 damage)
             ... with a volley of spikes
             ... summoned by a boggart
             ... on level 14 of the Dungeon.
             The game lasted 00:33:12 (16418 turns).

KristoblXynda the Martial Artist (DrMo)            Turns: 16418, Time: 00:33:13

Health: -6/100     AC: 11    Str: 16    XL:     13   Next: 1%
Magic:  29/29      EV: 20    Int: 15    God:    Yredelemnul [*****.]
Gold:   788        SH:  6    Dex: 18    Spells: 17/20 levels left

rFire    . . .     SeeInvis .     - Unarmed
rCold    . . .     Gourm    .   n - +1 buckler
rNeg     . . .     Faith    .   (armour unavailable)
rPois    .         Spirit   .   (helmet restricted)
rElec    .         Reflect  .   (no cloak)
rCorr    .         Harm     .   m - +2 pair of gloves
MR       .....                  (no boots)
Stlth    ++........             s - amulet of rage
HPRegen  0.26/turn              d - +4 ring of dexterity
MPRegen  0.21/turn              I - ring of magical power

@: about to teleport, short of breath, barbed spikes
A: breathe steam, unfitting armour, horns 1, strong 1, cold-blooded, MP-powered
wands, AC +8
a: Breathe Steam, Recall Undead Slaves, Injury Mirror, Animate Dead, Drain Life,
Enslave Soul, Renounce Religion, Evoke Berserk Rage


You were on level 14 of the Dungeon.
You worshipped Yredelemnul.
Yredelemnul was extremely pleased with you.
You were not hungry.

You visited 2 branches of the dungeon, and saw 15 of its levels.
You also visited: Sewer.

You collected 788 gold pieces.

Inventory:

Missiles
 v - a throwing net (quivered)
Armour
 m - a +2 pair of gloves (worn)
 n - a +1 buckler (worn)
Jewellery
 d - a +4 ring of dexterity (left hand)
 s - an amulet of rage (around neck)
 t - an uncursed ring of flight
 I - a ring of magical power (right hand)
Wands
 u - a wand of paralysis (26)
Scrolls
 b - 4 scrolls of fear
 e - 2 scrolls of remove curse
 f - 6 scrolls of amnesia
 h - 3 scrolls of teleportation
 i - 2 scrolls of fog
 p - a scroll of blinking
 w - a scroll of summoning
 y - a scroll of immolation
 G - 2 scrolls of identify
Potions
 c - 2 potions of curing
 g - a potion of agility
 j - a potion of resistance
 k - a potion of ambrosia
 l - a potion of berserk rage
 o - 5 potions of brilliance
 q - 4 potions of might
 z - a potion of invisibility
 B - 2 potions of cancellation
 C - a potion of haste
 E - a potion of lignification
Books
 r - a book of Maledictions

   Spells                             Type                      Level
   a - Corona                         Hexes                        1
   b - Ensorcelled Hibernation        Hexes/Ice                    2
   c - Confuse                        Hexes                        3
   d - Tukima's Dance                 Hexes                        3
   e - Dazzling Spray                 Conjuration/Hexes            3
 x - a book of Misfortune

   Spells                             Type                      Level
   a - Confusing Touch                Hexes                        1
   b - Confuse                        Hexes                        3
   c - Gell's Gravitas                Translocation                3
   d - Petrify                        Transmutation/Earth          4
   e - Metabolic Englaciation         Hexes/Ice                    5
   f - Yara's Violent Unravelling     Hexes/Transmutation          5
 A - a book of Frost

   Spells                             Type                      Level
   a - Freeze                         Ice                          1
   b - Throw Frost                    Conjuration/Ice              2
   c - Ozocubu's Armour               Charms/Ice                   3
   d - Throw Icicle                   Conjuration/Ice              4
   e - Summon Ice Beast               Ice/Summoning                4
 F - Qyzaygym's Guide on Confrontation
   (You found it on level 12 of the Dungeon)

   Spells                             Type                      Level
   a - Throw Frost                    Conjuration/Ice              2
   b - Fulminant Prism                Conjuration/Hexes            4
   c - Fireball                       Conjuration/Fire             5
   d - Venom Bolt                     Conjuration/Poison           5
Miscellaneous
 D - a phial of floods
Comestibles
 a - 17 rations


   Skills:
 - Level 5.0 Fighting
 + Level 10.7 Dodging
 - Level 1.7 Stealth
 - Level 4.3 Shields
 + Level 12.4 Unarmed Combat
 + Level 4.2 Spellcasting
 + Level 9.8 Invocations
 - Level 10.0 Evocations


You had 17 spell levels left.
You knew the following spells:

 Your Spells              Type           Power        Failure   Level  Hunger
a - Tukima's Dance        Hex            #.......     47%         3    ###....


Dungeon Overview and Level Annotations

Branches:
Dungeon (14/15)            Temple (1/1) D:6            Lair (0/6) D:9
    Orc (0/2) D:12
 Vaults: D:13-14

Altars:
Ashenzari
Cheibriados
Dithmenos
Elyvilon
Fedhas
Gozag
Hepliaklqana
Kikubaaqudgha
Makhleb
Nemelex Xobeh
Okawaru
Qazlal
Ru
Sif Muna
Trog
Uskayaw
Vehumet
Wu Jian
Xom
Yredelemnul
Zin
The Shining One

Shops:
D:10 %   D:11 *   D:14 }


Innate Abilities, Weirdness & Mutations

You can breathe blasts of scalding, opaque steam.
Your pale cyan-grey scales are hard. (AC +8)
You cannot fit into any form of body armour.
You are cold-blooded and may be slowed by cold attacks.
You have a pair of small horns on your head.
Your muscles are strong. (Str +2)
You expend magic power (3 MP) to strengthen your wands.


Message History

You feel strangely unstable.
The manticore bites you but does no damage.
You block the manticore's attack. The manticore claws you.
* * * LOW HITPOINT WARNING * * *
The boggart casts a spell.
Unknown command.
Unknown command.
The boggart casts a spell.
The boggart flickers and vanishes!
The manticore flicks its tail.
The volley of spikes hits you!
The barbed spikes become lodged in your body.
* * * LOW HITPOINT WARNING * * *
The barbs in your skin will harm you if you move.
Continue?
Okay, then.
The manticore flicks its tail.
The volley of spikes hits you!
The barbed spikes become lodged in your body.
You die...
Your body rises from the dead as a mindless zombie.

#.................
..................
.....?..$#.#......
...#...)(gZ....($ ##.
#.....(gzz......
...#######...#!#{#.....
.)...##.......#H# ....
###......#.##.##.# #..
#.....#.##....##@#
....#.......####.#
...#.#......## #.#
..#.......#..###.#
.#.....<..##..##.#
#....=....##.∩##.#
..##.......##......#
..##..####..####....#
#......###.... ##..


You could see a manticore, a boggart, 2 wights, a centaur warrior simulacrum and
a goblin.

Vanquished Creatures
  2 hydras
  Erica (D:8)
  2 centaur warriors
  3 two-headed ogres
  A slime creature (D:13)
  4 skeletal warriors (D:12)
  An unseen horror (D:12)
  2 cyclopes
  3 ugly things
  Joseph (D:7)
  A gargoyle (D:7)
  Psyche (D:8)
  A komodo dragon (D:12)
  5 trolls
  The ghost of trelanon the Grappler, a novice VSMo (D:4)
  2 tengu conjurers (D:13)
  A hornet (D:11)
  Prince Ribbit (D:7)
  A hippogriff (D:12)
  4 yaks
  A wyvern (D:12)
  Grum (D:10)
  A wraith (D:12)
  A steam dragon (D:7)
  A basilisk (D:12)
  2 hungry ghosts (D:10)
  A soldier ant (D:13)
  An acid dragon (D:12)
  Edmund (D:4)
  2 hell hounds
  2 water moccasins
  2 black bears
  6 orc warriors
  3 sky beasts
  4 phantoms
  4 wolves (D:10)
  An eye of draining (D:11)
  2 ice beasts
  A necrophage (D:10)
  4 ogres
  A boggart (D:14)
  19 centaurs
  3 big kobolds
  Blork the orc (D:4)
  11 bullfrogs
  A gnoll sergeant (D:8)
  2 wyvern zombies
  A wyvern skeleton (D:13)
  2 scorpions
  4 killer bees (D:12)
  13 wights
  2 howler monkeys
  2 centaur zombies
  3 crimson imps
  2 quasits
  A bullfrog zombie (D:12)
  6 jellies
  A bullfrog skeleton (D:5)
  5 orc priests
  7 hounds
  5 iguanas
  5 orc wizards
  8 worker ants
  A killer bee zombie (D:9)
  18 adders
  9 gnolls
  6 river rats (D:5)
  3 shadow imps
  A white imp (D:10)
  An ooze (D:2)
  2 adder zombies
  2 adder skeletons
  2 worms
  2 dart slugs (D:1)
  11 leopard geckos
  53 orcs
  13 giant cockroaches
  10 goblins
  8 hobgoblins
  16 jackals
  7 quokkas
  5 ball pythons
  10 bats
  11 frilled lizards
  A jackal zombie (D:6)
  15 kobolds
  A leopard gecko zombie (D:7)
  18 rats
410 creatures vanquished.

Vanquished Creatures (collateral kills)
  Erolcha (D:13)
  An ugly thing (D:13)
  3 centaur skeletons
  A troll (D:13)
  2 slime creatures (D:13)
  A wyvern (D:13)
  2 yaks (D:13)
  A human (D:8)
  An acid dragon (D:13)
  An ice beast (D:14)
  2 centaurs (D:13)
  A crimson imp (D:14)
  5 orcs
22 creatures vanquished.

Vanquished Creatures (others)
  A two-headed ogre (D:14)
  2 flying skulls (D:14)
  A wight (D:11)
  A mummy (D:12)
  2 orc zombies (D:13)
7 creatures vanquished.

Grand Total: 439 creatures vanquished

Notes
Turn   | Place    | Note
-------+----------+-------------------------------------------
     0 | D:1      | KristoblXynda the Draconian Monk began the quest for the Orb.
     0 | D:1      | Reached XP level 1. HP: 19/19 MP: 1/1
   178 | D:1      | Reached XP level 2. HP: 22/26 MP: 2/2
   541 | D:1      | Reached XP level 3. HP: 26/31 MP: 3/3
   622 | D:1      | Reached skill level 4 in Unarmed Combat
  1275 | D:2      | Reached XP level 4. HP: 33/38 MP: 4/4
  1736 | D:2      | Reached skill level 5 in Unarmed Combat
  2215 | D:3      | Reached XP level 5. HP: 29/45 MP: 5/5
  2501 | D:3      | Found a stormy altar of Qazlal.
  2501 | D:3      | Found a burning altar of Makhleb.
  2502 | D:3      | Found an ornate altar of the Wu Jian Council.
  2592 | D:3      | Reached XP level 6. HP: 38/51 MP: 6/6
  2896 | D:4      | Noticed trelanon's ghost (novice VSMo)
  2911 | D:4      | Reached skill level 6 in Unarmed Combat
  2915 | D:4      | Killed trelanon's ghost
  2915 | D:4      | Your scales start taking on a pale cyan-grey colour.
  2915 | D:4      | Reached XP level 7. HP: 57/57 MP: 7/7
  3083 | D:4      | Noticed Blork the orc
  3091 | D:4      | Killed Blork the orc
  3251 | D:4      | Noticed Edmund
  3331 | D:4      | HP: 1/57 [Edmund/flail of holy wrath (8)]
  3352 | D:4      | Killed Edmund
  3352 | D:4      | Reached skill level 7 in Unarmed Combat
  3612 | D:4      | Found an iron altar of Okawaru.
  3613 | D:4      | Found a bloodstained altar of Trog.
  4034 | D:5      | Entered Level 5 of the Dungeon
  4040 | D:4      | Reached skill level 5 in Dodging
  4040 | D:4      | Reached skill level 1 in Evocations
  4413 | D:5      | Reached XP level 8. HP: 58/63 MP: 9/9
  4811 | D:5      | Learned a level 3 spell: Tukima's Dance
  5013 | D:5      | Reached skill level 8 in Unarmed Combat
  5496 | D:6      | Found a staircase to the Ecumenical Temple.
  5613 | D:6      | Found a glowing drain.
  5626 | Sewer    | Entered a sewer
  6078 | Temple   | Entered the Ecumenical Temple
  6330 | Temple   | Became a worshipper of Yredelemnul the Dark
  6330 | Temple   | Reached * piety under Yredelemnul
  6330 | Temple   | Reached ** piety under Yredelemnul
  6451 | D:6      | Reached XP level 9. HP: 63/71 MP: 12/12
  6547 | D:6      | Noticed a cyclops
  6567 | D:6      | Killed a cyclops
  6931 | D:6      | Reached skill level 5 in Evocations
  7351 | D:7      | Reached skill level 5 in Fighting
  7459 | D:7      | Noticed Prince Ribbit
  7466 | D:7      | Killed Prince Ribbit
  7500 | D:7      | Reached skill level 9 in Unarmed Combat
  7995 | D:7      | Noticed Joseph
  8006 | D:7      | Killed Joseph
  8006 | D:7      | Reached skill level 1 in Invocations
  8208 | D:7      | Reached XP level 10. HP: 81/81 MP: 14/14
  8304 | D:7      | Noticed a gargoyle
  8320 | D:7      | Killed a gargoyle
  8320 | D:7      | Reached *** piety under Yredelemnul
  8699 | D:8      | Noticed Erica
  8727 | D:8      | Killed Erica
  8853 | D:8      | Received a gift from Yredelemnul (a wight)
  9061 | D:8      | Noticed a two-headed ogre
  9061 | D:8      | Noticed Psyche
  9082 | D:8      | Killed a two-headed ogre
  9082 | D:8      | Reached skill level 10 in Unarmed Combat
  9089 | D:8      | Killed Psyche
  9415 | D:8      | Found a sacrificial altar of Ru.
  9584 | D:9      | Found a burning altar of Makhleb.
  9665 | D:9      | Reached skill level 5 in Invocations
  9792 | D:9      | Found a staircase to the Lair.
  9876 | D:9      | Noticed a two-headed ogre
  9909 | D:9      | Killed a two-headed ogre
  9909 | D:9      | Reached XP level 11. HP: 86/86 MP: 17/17
 10025 | D:9      | Reached **** piety under Yredelemnul
 10190 | D:9      | Noticed a two-headed ogre
 10199 | D:9      | Killed a two-headed ogre
 10200 | D:9      | Found a deep blue altar of Sif Muna.
 10203 | D:9      | Found a sparkling altar of Nemelex Xobeh.
 10432 | D:10     | Entered Level 10 of the Dungeon
 10432 | D:10     | Noticed Grum
 10600 | D:10     | Killed Grum
 10710 | D:10     | Found Vumedomo's Food Shoppe.
 10739 | D:10     | You fall through a shaft for 2 floors!
 10852 | D:12     | Noticed a skeletal warrior
 10883 | D:12     | Killed a skeletal warrior
 10899 | D:12     | Noticed a skeletal warrior
 10953 | D:12     | Noticed a four-headed hydra
 11035 | D:12     | Killed an unseen horror
 11291 | D:12     | Reached skill level 11 in Unarmed Combat
 11467 | D:11     | Noticed a red ugly thing
 11486 | D:11     | Killed a red ugly thing
 11486 | D:11     | Received a gift from Yredelemnul (a wight)
 11504 | D:11     | Found Zochaj's General Store.
 11616 | D:11     | Noticed an eight-headed hydra
 11811 | D:11     | Killed an eight-headed hydra
 11911 | D:11     | Reached ***** piety under Yredelemnul
 11911 | D:11     | Received a gift from Yredelemnul (a mummy)
 11929 | D:11     | Paralysed by a hornet for 2 turns
 13304 | D:12     | Reached XP level 12. HP: 82/94 MP: 19/19
 13314 | D:12     | Received a gift from Yredelemnul (a mummy)
 13515 | D:12     | Gained mutation: You expend magic power (3 MP) to strengthen your wands. [potion of mutation]
 13515 | D:12     | Gained mutation: You have a pair of small horns on your head. [potion of mutation]
 13515 | D:12     | Gained mutation: Your muscles are strong. (Str +2) [potion of mutation]
 13780 | D:12     | Killed a four-headed hydra
 13780 | D:12     | Reached skill level 10 in Evocations
 13939 | D:12     | Received a gift from Yredelemnul (a vampire)
 13951 | D:12     | Reached skill level 10 in Dodging
 13951 | D:12     | Reached skill level 1 in Spellcasting
 14375 | D:12     | Identified Qyzaygym's Guide on Confrontation
 14487 | D:12     | Found a staircase to the Orcish Mines.
 14499 | D:12     | Received a gift from Yredelemnul (a wraith)
 15249 | D:13     | Noticed a centaur warrior
 15254 | D:13     | Reached skill level 12 in Unarmed Combat
 15259 | D:13     | Killed a centaur warrior
 15597 | D:13     | Received a gift from Yredelemnul (2 flying skulls)
 16041 | D:13     | Noticed Erolcha
 16046 | D:13     | Killed Erolcha
 16197 | D:13     | Received a gift from Yredelemnul (a vampire)
 16357 | D:14     | Found Akhiniz's Gadget Boutique.
 16371 | D:14     | Noticed a two-headed ogre
 16375 | D:14     | Noticed a centaur warrior
 16383 | D:14     | Killed a two-headed ogre
 16397 | D:14     | Killed a centaur warrior
 16397 | D:14     | Reached XP level 13. HP: 48/100 MP: 20/20
 16418 | D:14     | Killed from afar by a manticore

Vault maps used:
D:1:      doesnt_arrival_eight_statues
D:3:      gammafunk_temple_overflow_claw, first_ration
D:4:      grunt_temple_overflow_bloody_war, hex_tiny, uniq_edmund,
          uniq_blork_the_orc
D:5:      lemuel_ratsnest, grunt_decor_mini_mirrors
D:6:      mumra_celtic_spiral_tile, minmay_temple_entry_mist,
          portal_sewer_entry_d
D:7:      uniq_prince_ribbit1, uniq_joseph
D:8:      lemuel_doored_altar, grunt_pizzeria, uniq_psyche, uniq_erica
D:9:      chequers_temple_overflow_statue_of_worship, minmay_lair_entry_lava,
          bloody_makhleb
D:10:     serial_park_tiny_1, minmay_item_behind_shaft,
          nicolae_shop_scaring_up_business, minmay_fire_ice_demons, uniq_grum
D:11:     serial_shops, nicolae_shop_waterfront, serial_co_window_serial,
          co_window_paths_a, co_window_cross_1, co_window_corner_a,
          co_window_corner_a, co_window_of_opportunity_a, co_window_2corner,
          co_window_of_opportunity_b, co_window_paths_c, co_window_2corner,
          co_window_cross_2, co_window_paths_e, co_window_4corner_b,
          glass_columns_c, glass_columns_c, glass_columns_b, glass_columns_b
D:12:     cheibrodos_ideogram_h, david_orc_2, minmay_fountain_box
D:13:     serial_glass, glass_columns_c, glass_columns_b, glass_columns_b,
          glass_columns_b, glass_columns_a, glass_columns_c, glass_columns_a,
          glass_columns_b, glass_columns_a, glass_columns_a, glass_columns_a,
          glass_columns_a, glass_columns_a, glass_columns_a, uniq_erolcha
D:14:     erik_vaults_1, lab_entry_generic, serial_shops, shop, enter_bailey_3,
          minivault_26, enter_trove_6
Temple:   minmay_temple_curvy_branch
Sewer:    sewer_frog_island_01

Skill      XL: |  1  2  3  4  5  6  7  8  9 10 11 12 |
---------------+-------------------------------------+-----
Dodging        | 3 4 5 6 7 8 9 10 | 10.7
Unarmed Combat | 4 5 6 7 8 9 10 11 12 | 12.4
Shields        | 2 3 4 |  4.3
Evocations     | 1 4 6 8 9 10 | 10.0
Fighting       | 4 5 |  5.0
Invocations    | 2 5 7 9 |  9.8
Spellcasting   | 4 |  4.2
Stealth        | |  1.7

Action                   |  1- 3 |  4- 6 |  7- 9 | 10-12 | 13-15 || total
-------------------------+-------+-------+-------+-------+-------++-------
Melee: Unarmed           |   141 |   159 |   416 |   797 |    13 ||  1526
       Tailslap          |    15 |    31 |    69 |   127 |     1 ||   243
       Punch             |     4 |     4 |       |       |       ||     8
       Headbutt          |       |       |       |    59 |     6 ||    65
Invok: Animate Dead      |       |       |       |     7 |       ||     7
 Abil: Breathe Steam     |       |       |    23 |    44 |     1 ||    68
       Evoke Berserk Rag |       |       |     1 |     9 |       ||    10
       Evoke Flight      |       |       |       |     2 |       ||     2
Evoke: Wand              |       |       |     2 |    10 |       ||    12
       Phial of floods   |       |       |       |     1 |       ||     1
  Use: Scroll            |       |     5 |    14 |    10 |     1 ||    30
       Potion            |       |     1 |     4 |     4 |     1 ||    10
 Stab: Sleeping          |     5 |     4 |     2 |    14 |       ||    25
       Distracted        |     1 |       |     1 |     3 |       ||     5
       Paralysed         |       |       |     3 |    18 |       ||    21
  Eat: Chunk             |     1 |     5 |    11 |    26 |       ||    43
       Ration            |       |       |     3 |     6 |       ||     9
Armor: Skin              |    29 |    49 |    54 |   106 |     3 ||   241
Dodge: Dodged            |    74 |    97 |   226 |   554 |     5 ||   956
Block: Buckler           |       |     8 |    87 |   189 |     6 ||   290

Table legend:
 A = Spawn XP
 B = Non-spawn XP
 C = Spawn XP percentage of total XP
 D = Spawn monster count
 E = Non-spawn monster count
 F = Spawn count percentage of total count
 G = Total turns spent on level
                    A         B        C        D         E        F      G
               +---------+---------+-------+---------+---------+-------+---------
         Total |       0 |   38440 |   0.0 |       0 |     432 |   0.0 | 16418
               +---------+---------+-------+---------+---------+-------+---------
           D:1 |       0 |      69 |   0.0 |       0 |      33 |   0.0 |  1094
           D:2 |       0 |     118 |   0.0 |       0 |      28 |   0.0 |  1000
           D:3 |       0 |     199 |   0.0 |       0 |      20 |   0.0 |   780
           D:4 |       0 |     897 |   0.0 |       0 |      16 |   0.0 |  1373
           D:5 |       0 |    1008 |   0.0 |       0 |      46 |   0.0 |  1192
           D:6 |       0 |    1324 |   0.0 |       0 |      24 |   0.0 |  1251
           D:7 |       0 |    2650 |   0.0 |       0 |      32 |   0.0 |  1405
           D:8 |       0 |    3071 |   0.0 |       0 |      35 |   0.0 |   908
           D:9 |       0 |    3247 |   0.0 |       0 |      30 |   0.0 |   858
          D:10 |       0 |    2495 |   0.0 |       0 |      29 |   0.0 |   876
          D:11 |       0 |    2739 |   0.0 |       0 |      15 |   0.0 |  1189
          D:12 |       0 |   10529 |   0.0 |       0 |      60 |   0.0 |  2455
          D:13 |       0 |    7951 |   0.0 |       0 |      38 |   0.0 |  1307
          D:14 |       0 |    1933 |   0.0 |       0 |       7 |   0.0 |   102
         Sewer |       0 |     210 |   0.0 |       0 |      19 |   0.0 |   353
               +---------+---------+-------+---------+---------+-------+---------
